 Dungeon Crawl Stone Soup version 0.29.0-4-gdea44cf6ec (webtiles) character file.

Game seed: 10488645837512760891

5796 Godmorgon the Ducker (level 10, -1/77 HPs)
             Began as a Gnoll Arcane Marksman on Aug 27, 2022.
             Was a Priest of Okawaru.
             Slain by a yak (12 damage)
             ... on level 1 of the Lair of Beasts.
             The game lasted 01:10:06 (11243 turns).

Godmorgon the Ducker (Gnoll Arcane Marksman)       Turns: 11243, Time: 01:10:06

Health: -1/77      AC: 10    Str: 14    XL:     10   Next: 79%
Magic:  17/19      EV: 16    Int: 22    God:    Okawaru [***...]
Gold:   615        SH:  5    Dex: 18    Spells: 13/22 levels left

rFire   + + +      SeeInvis .   b - +2 dagger (venom)
rCold   . . .      Faith    .   (no shield)
rNeg    . . .      Spirit   .   F - +1 leather armour {rF+}
rPois   .          Reflect  +   T - +0 helmet
rElec   .          Harm     .   h - +1 cloak
rCorr   .          Rampage  .   L - +0 pair of gloves
Will    .....                   r - +0 pair of boots
Stlth   +++.......              y - amulet of reflection
HPRegen 0.22/turn               f - +6 ring of intelligence
MPRegen 0.16/turn               X - ring of Gaysenn {rF++ Will- Str+3 Dex+6}

@: no status effects
A: fangs 1, strong nose, distributed training
a: Renounce Religion, Heroism


You were on level 1 of the Lair of Beasts.
You worshipped Okawaru.
Okawaru was most pleased with you.
You visited 3 branches of the dungeon, and saw 10 of its levels.
You also visited: Ossuary and Bailey.

You collected 687 gold pieces.
You spent 72 gold pieces at shops.

Inventory:

Hand Weapons
 a - a +1 sling
 b - a +2 dagger of venom (weapon)
 c - a +3 dagger of holy wrath
 z - a +2 short sword of venom
 S - a +3 vampiric bardiche
Missiles
 w - 9 javelins
 E - 2 boomerangs
 W - 21 poisoned darts (quivered)
Armour
 h - a +1 cloak (worn)
 r - a +0 pair of boots (worn)
 F - a +1 leather armour of fire resistance (worn)
 L - a +0 pair of gloves (worn)
 T - a +0 helmet (worn)
Jewellery
 d - a ring of positive energy
 f - a +6 ring of intelligence (left hand)
 o - a +6 ring of strength
 s - a +6 ring of dexterity
 t - an amulet of regeneration
 y - an amulet of reflection (around neck)
 K - a ring of resist corrosion
 P - a +6 ring of intelligence
 X - the ring of Gaysenn (right hand) {rF++ Will- Str+3 Dex+6}
   (You found it on level 1 of the Lair of Beasts)

   [ring of dexterity]

   Str:       It affects your strength (+3).
   Dex:       It affects your dexterity (+6).
   rF:        It greatly protects you from fire.
   Will:      It decreases your willpower.
Wands
 B - a wand of charming (18)
 J - a wand of roots (2)
Scrolls
 e - 2 scrolls of enchant armour
 j - 2 scrolls of fog {unknown}
 m - 6 scrolls of fear
 n - a scroll of poison
 q - 2 scrolls of vulnerability
 u - 2 scrolls of magic mapping {unknown}
 A - a scroll of immolation {unknown}
 C - a scroll of summoning {unknown}
 D - 6 scrolls of teleportation
 M - a scroll of blinking {unknown}
 N - 2 scrolls of silence
 Q - 2 scrolls of enchant weapon {unknown}
 U - a scroll of noise {unknown}
Potions
 g - 2 potions of degeneration {unknown}
 i - 3 potions of attraction
 k - a potion of brilliance {unknown}
 l - 3 potions of invisibility
 p - 3 potions of might
 v - 4 potions of flight
 x - 6 potions of curing
 G - 4 potions of haste
 H - 2 potions of lignification {unknown}
 I - a potion of experience {unknown}
 O - 2 potions of ambrosia {unknown}
 R - a potion of magic {unknown}
 V - a potion of mutation {unknown}


   Skills:
 + Level 6.4 Fighting
 + Level 5.8 Short Blades
 + Level 5.8 Long Blades
 + Level 5.8 Axes
 + Level 5.8 Maces & Flails
 + Level 5.8 Polearms
 + Level 5.8 Staves
 + Level 7.5 Ranged Weapons
 + Level 5.8 Throwing
 + Level 5.8 Armour
 + Level 7.5 Dodging
 + Level 5.8 Stealth
 + Level 5.8 Shields
 + Level 5.8 Unarmed Combat
 + Level 6.5 Spellcasting
 + Level 4.8 Conjurations
 + Level 7.4 Hexes
 + Level 4.8 Summonings
 + Level 4.8 Necromancy
 + Level 4.8 Translocations
 + Level 4.8 Transmutations
 + Level 4.8 Fire Magic
 + Level 4.8 Ice Magic
 + Level 4.8 Air Magic
 + Level 4.8 Earth Magic
 + Level 4.8 Poison Magic
 + Level 6.4 Invocations
 + Level 5.8 Evocations


You had 13 spell levels left.
You knew the following spells:

 Your Spells              Type           Power      Damage    Failure   Level
b - Blink                 Tloc           56%        N/A       2%          2
i - Inner Flame           Hex/Fire       34%        N/A       2%          3
p - Portal Projectile     Hex/Tloc       68%        N/A       2%          3
s - Slow                  Hex            100%       N/A       1%          1

Your spell library contained the following spells:

 Spells                   Type           Power      Damage    Failure   Level
 Freeze                   Ice            100%       1d11      1%          1
 Magic Dart               Conj           100%       1d8       1%          1
 Static Discharge         Conj/Air       28%        3-7/arc   2%          2
 Sublimation of Blood     Necr           28%        N/A       2%          2
 Frozen Ramparts          Ice            56%        1d9       4%          3
 Lesser Beckoning         Tloc           28%        N/A       4%          3
 Mephitic Cloud           Conj/Pois/Air  28%        N/A       4%          3
 Cause Fear               Hex            19%        N/A       4%          4
 Leda's Liquefaction      Hex/Erth       17%        N/A       9%          4
 Dispel Undead            Necr           28%        3d13      14%         4
 Hailstorm                Conj/Ice       28%        3d8       14%         4
 Petrify                  Tmut/Erth      28%        N/A       14%         4
 Sticky Flame             Conj/Fire      28%        2d5       14%         4
 Irradiate                Conj/Tmut      14%        3d16      38%         5
 Lee's Rapid Deconstruct  Erth           14%        3d10*     38%         5
 Manifold Assault         Tloc           28%        N/A       38%         5
 Statue Form              Tmut/Erth      18%        N/A       92%         6
 Storm Form               Tmut/Air       14%        N/A       100%        7
 Discord                  Hex            19%        N/A       100%        8
 Call Imp                 Summ           Unusable   N/A       N/A         2

Dungeon Overview and Level Annotations

Branches:
Dungeon (8/15)             Temple (1/1) D:7            Lair (1/5) D:8
Ossuary (visited)          Bailey (visited)

Altars:
Cheibriados
Dithmenos
Elyvilon
Fedhas
Gozag
Hepliaklqana
Kikubaaqudgha
Makhleb
Nemelex Xobeh
Okawaru
Qazlal
Ru
Sif Muna
Trog
Uskayaw
Vehumet
Wu Jian
Xom
Yredelemnul
Zin
The Shining One

Shops:
D:1 *(:   D:4 *


Innate Abilities, Weirdness & Mutations

You have very sharp teeth.
Your uncanny sense of smell can sniff out nearby items.
Your experience applies equally to all skills.


Message History

You hit the yak but do no damage.
The yak is poisoned.
The yak gores you but does no damage.
You hit the yak but do no damage.
The yak looks as sick as possible!
You block the yak's attack.
You hit the yak.
The yak looks as sick as possible!
The yak is lightly wounded.
The yak gores you! The yak closely misses you. You block the yak's attack.
Casting: Slow (safe; 1% risk of failure)
Confirm with . or Enter, or press ? or * to list all spells.
You don't know that spell.
Unknown command.
Press: ? - help, v - describe, . - travel
Here: a yak (moderately wounded)
The floor.
Unknown command.
You hit the yak.
The yak is poisoned.
The yak is heavily wounded.
You closely miss the yak.
The yak is heavily wounded.
The yak gores you. You block the yak's attack. The yak barely misses you.
You hit the yak.
The yak is moderately wounded.
The yak closely misses you. The yak gores you!
* * * LOW HITPOINT WARNING * * *
You hit the yak but do no damage.
The yak is poisoned.
You punch the yak.
The yak is moderately wounded.
The yak gores you.
* * * LOW HITPOINT WARNING * * *
The yak misses you. The yak barely misses you.
Casting: Slow (safe; 1% risk of failure)
Confirm with . or Enter, or press ? or * to list all spells.
You blink.
Found a leather armour.
You feel stable enough to blink again.
Casting: Blink (safe; 2% risk of failure)
Confirm with . or Enter, or press ? or * to list all spells.
You don't know that spell.
The yak gores you but does no damage. The yak attacks as you move away!
The yak gores you!
You die...

## ## ### #####.
#.######..###### #.....
...[............
....P##............. ..
#......#........+.#### #
#......P.......#.....'
#.#......P.......#.....#
#......@.........#.....#
#.#...YY.........#.....#
#........#.......P.....#
#......................#
#.#+#+#Y.#.......#...†.#
#.................####.#
#.................(.....
#.......................
#...........†...........


You could see 3 yaks.

Vanquished Creatures
  A two-headed ogre (Bailey)
  A cane toad (Lair:1)
  A shadow (D:8)
  4 spriggans (Bailey)
  A wyvern (D:8)
  5 yaks (Lair:1)
  An acid dragon (Bailey)
  3 orc warriors
  7 ogres
  A sky beast (D:7)
  3 phantoms
  2 kobold brigands (D:8)
  A bullfrog (D:8)
  2 necrophages
  5 wights (D:8)
  5 killer bees (D:8)
  4 howler monkeys
  3 hounds
  5 orc priests
  4 jellies
  Crazy Yiuf (D:7)
  Ijyb (D:5)
  3 iguanas
  8 orc wizards
  8 mummies (Ossuary)
  3 gnolls (D:6)
  8 adders
  A shadow imp (D:8)
  A white imp (D:4)
  An ufetubus (D:6)
  2 worms
  7 dart slugs (D:3)
  28 orcs
  4 bats
  7 endoplasms
  4 giant cockroaches
  2 gnoll zombies (Ossuary)
  6 goblins
  4 hobgoblins
  5 quokkas
  3 ball pythons
  4 frilled lizards
  2 hobgoblin zombies (Ossuary)
  13 kobolds
  2 kobold zombies (Ossuary)
  2 orc zombies (Ossuary)
  6 rats
  A spectral hobgoblin (D:1)
196 creatures vanquished.

Vanquished Creatures (others)
  2 fungi
  2 plants
4 creatures vanquished.

Grand Total: 200 creatures vanquished

Notes
Turn   | Place    | Note
-------+----------+-------------------------------------------
     0 | D:1      | Godmorgon the Gnoll Arcane Marksman began the quest for the
                  | Orb.
     0 | D:1      | Reached XP level 1. HP: 17/17 MP: 4/4
    11 | D:1      | Found Xoah's Book Boutique.
   297 | D:1      | Reached XP level 2. HP: 23/23 MP: 2/5
   452 | D:1      | Found Ycaxyl's Weapon Shop.
   485 | D:1      | Found Buhialam's Assorted Antiques.
   937 | D:1      | Found a faded altar of an unknown god.
  1553 | D:2      | Reached XP level 3. HP: 28/28 MP: 5/7
  1625 | D:2      | Reached skill level 1 in Invocations
  1859 | D:2      | Reached skill level 1 in Short Blades
  1859 | D:2      | Reached skill level 1 in Long Blades
  1859 | D:2      | Reached skill level 1 in Axes
  1859 | D:2      | Reached skill level 1 in Maces & Flails
  1859 | D:2      | Reached skill level 1 in Polearms
  1859 | D:2      | Reached skill level 1 in Staves
  1859 | D:2      | Reached skill level 1 in Throwing
  1859 | D:2      | Reached skill level 1 in Armour
  1859 | D:2      | Reached skill level 1 in Stealth
  1859 | D:2      | Reached skill level 1 in Shields
  1859 | D:2      | Reached skill level 1 in Unarmed Combat
  1859 | D:2      | Reached skill level 1 in Evocations
  2326 | D:3      | Reached XP level 4. HP: 31/34 MP: 3/8
  2429 | D:3      | Reached skill level 1 in Conjurations
  2429 | D:3      | Reached skill level 1 in Summonings
  2429 | D:3      | Reached skill level 1 in Necromancy
  2429 | D:3      | Reached skill level 1 in Translocations
  2429 | D:3      | Reached skill level 1 in Transmutations
  2429 | D:3      | Reached skill level 1 in Fire Magic
  2429 | D:3      | Reached skill level 1 in Ice Magic
  2429 | D:3      | Reached skill level 1 in Air Magic
  2429 | D:3      | Reached skill level 1 in Earth Magic
  2429 | D:3      | Reached skill level 1 in Poison Magic
  2941 | D:4      | Found Geamnom's Assorted Antiques.
  2946 | D:4      | Bought a scroll labelled GYTU GURYABB for 18 gold pieces
  2946 | D:4      | Bought a scroll labelled TYFYURPHOON for 18 gold pieces
  2946 | D:4      | Bought a scroll labelled TYFYURPHOON for 18 gold pieces
  2946 | D:4      | Bought a scroll labelled TYFYURPHOON for 18 gold pieces
  2996 | D:4      | Noticed a necrophage
  3013 | D:4      | Killed a necrophage
  3014 | D:4      | Reached XP level 5. HP: 26/41 MP: 7/9
  3350 | D:4      | Reached XP level 6. HP: 26/47 MP: 11/11
  3673 | D:4      | Reached skill level 5 in Ranged Weapons
  3673 | D:4      | Reached skill level 5 in Dodging
  4475 | D:5      | Entered Level 5 of the Dungeon
  4493 | D:5      | Reached XP level 7. HP: 33/52 MP: 12/12
  4659 | D:5      | Found a sand-covered staircase.
  4679 | Ossuary  | Entered an ossuary
  5045 | D:5      | Noticed Ijyb
  5069 | D:5      | Killed Ijyb
  5361 | D:5      | Reached XP level 8. HP: 60/60 MP: 14/14
  7036 | D:7      | Found a staircase to the Ecumenical Temple.
  7040 | Temple   | Entered the Ecumenical Temple
  7140 | Temple   | Became a worshipper of Warmaster Okawaru
  7198 | D:7      | Found a flagged portal.
  7244 | D:7      | Reached XP level 9. HP: 19/67 MP: 16/16
  7258 | Bailey   | Entered a bailey
  7500 | Bailey   | Reached skill level 5 in Spellcasting
  7603 | Bailey   | Noticed a two-headed ogre
  7627 | Bailey   | Reached skill level 5 in Fighting
  7629 | Bailey   | Killed a two-headed ogre
  7629 | Bailey   | Reached * piety under Okawaru
  7630 | Bailey   | Reached skill level 5 in Invocations
  7981 | Bailey   | Reached skill level 5 in Short Blades
  7981 | Bailey   | Reached skill level 5 in Long Blades
  7981 | Bailey   | Reached skill level 5 in Axes
  7981 | Bailey   | Reached skill level 5 in Maces & Flails
  7981 | Bailey   | Reached skill level 5 in Polearms
  7981 | Bailey   | Reached skill level 5 in Staves
  7981 | Bailey   | Reached skill level 5 in Throwing
  7981 | Bailey   | Reached skill level 5 in Armour
  7981 | Bailey   | Reached skill level 5 in Stealth
  7981 | Bailey   | Reached skill level 5 in Shields
  7981 | Bailey   | Reached skill level 5 in Unarmed Combat
  7981 | Bailey   | Reached skill level 5 in Evocations
  7981 | Bailey   | Reached XP level 10. HP: 74/76 MP: 14/18
  8081 | D:7      | Learned a level 2 spell: Blink
  8085 | D:7      | Learned a level 3 spell: Portal Projectile
  8089 | D:7      | Learned a level 3 spell: Inner Flame
  8687 | D:7      | Found a runed translucent door.
  8688 | D:7      | Noticed Crazy Yiuf
  8702 | D:7      | Killed Crazy Yiuf
  9067 | D:8      | Reached ** piety under Okawaru
  9319 | D:8      | Found a staircase to the Lair.
 10253 | D:8      | HP: 2/76 [orc priest/divine providence (15)]
 10760 | Lair:1   | Entered Level 1 of the Lair of Beasts
 10783 | Lair:1   | Noticed a cane toad
 10817 | Lair:1   | Killed a cane toad
 11060 | Lair:1   | Identified the ring of Gaysenn {rF++ Will- Str+3 Dex+6}
 11219 | Lair:1   | Reached *** piety under Okawaru
 11243 | Lair:1   | Slain by a yak

Illustrated notes

Levels and vault maps discovered:
D:1:      minmay_arrival_checkered_box, layout_basic, serial_shops,
          nicolae_diamond_shop, shop, nicolae_square_shop,
          dreamdust_ecumenical_altar_drowned_temple, minmay_tetromino_i2
D:2:      layout_loops_ring, dk_noncrumbling_4, dreamdust_princess_bridge
D:3:      kennysheep_slugbush, layout_basic
D:4:      layout_gridville, serial_shops, kennysheep_little_box
D:5:      layout_rooms, nicolae_ossuary_entry_ruins, nicolae_underground_beach,
          uniq_ijyb
D:6:      layout_cave_pods
D:7:      layout_loops_ring, minmay_temple_entry_glassed_door, enter_bailey_2,
          ebering_dispersal_statue_hall, uniq_crazy_yiuf_cottage
D:8:      layout_basic, lair_entry_dummy
Temple:   kilobyte_greek_temple
Lair:1:   layout_regular_city, wad_woods_river_01, grunt_megastairs_2,
          infiniplex_staircase_pool, lemuel_fruit_tree

Skill      XL: |  1  2  3  4  5  6  7  8  9 10 |
---------------+-------------------------------+-----
Invocations    | 1 2 3 4 5 6 |  6.4
Short Blades   | 1 2 3 4 5 |  5.8
Long Blades    | 1 2 3 4 5 |  5.8
Axes           | 1 2 3 4 5 |  5.8
Maces & Flails | 1 2 3 4 5 |  5.8
Polearms       | 1 2 3 4 5 |  5.8
Staves         | 1 2 3 4 5 |  5.8
Throwing       | 1 2 3 4 5 |  5.8
Armour         | 1 2 3 4 5 |  5.8
Stealth        | 1 2 3 4 5 |  5.8
Shields        | 1 2 3 4 5 |  5.8
Unarmed Combat | 1 2 3 4 5 |  5.8
Evocations     | 1 2 3 4 5 |  5.8
Spellcasting   | 3 4 5 6 |  6.5
Conjurations   | 1 2 3 4 |  4.8
Summonings     | 1 2 3 4 |  4.8
Necromancy     | 1 2 3 4 |  4.8
Translocations | 1 2 3 4 |  4.8
Transmutations | 1 2 3 4 |  4.8
Fire Magic     | 1 2 3 4 |  4.8
Ice Magic      | 1 2 3 4 |  4.8
Air Magic      | 1 2 3 4 |  4.8
Earth Magic    | 1 2 3 4 |  4.8
Poison Magic   | 1 2 3 4 |  4.8
Fighting       | 3 4 5 6 |  6.4
Ranged Weapons | 5 6 7 |  7.5
Dodging        | 5 6 7 |  7.5
Hexes          | 6 7 |  7.4

Action                   |  1- 3 |  4- 6 |  7- 9 | 10-12 || total
-------------------------+-------+-------+-------+-------++-------
Melee: Dagger            |    14 |   127 |   277 |   234 ||   652
       Bite              |     1 |    14 |    52 |    46 ||   113
       Punch             |       |     1 |    12 |     9 ||    22
 Fire: Sling             |   115 |    94 |    75 |    36 ||   320
Throw: Boomerang         |       |       |    15 |       ||    15
       Dart              |       |       |       |    13 ||    13
 Cast: Slow              |    42 |    20 |    48 |    12 ||   122
       Portal Projectile |       |       |       |     6 ||     6
       Blink             |       |       |       |     2 ||     2
Invok: Heroism           |       |       |     3 |     2 ||     5
Evoke: Wand              |       |       |     3 |       ||     3
  Use: Scroll            |     1 |     6 |     3 |     2 ||    12
       Potion            |     1 |       |     6 |     4 ||    11
 Stab: Sleeping          |       |     1 |     1 |     2 ||     4
Armor: Robe              |    12 |    16 |       |       ||    28
       Leather armour    |       |     6 |    38 |    33 ||    77
Dodge: Dodged            |    44 |    66 |   102 |   111 ||   323
Block: Other             |       |    31 |    29 |    36 ||    96
       Reflection        |       |     3 |     1 |       ||     4
